[Event "42nd Olympiad Baku 2016 Open"]
[Site "Baku"]
[Date "2016.09.08"]
[Round "6.22"]
[White "Alkhaldi, Bader"]
[Black "Kumar, Manoj"]
[Result "1/2-1/2"]
[ECO "D11"]
[WhiteElo "1956"]
[BlackElo "1986"]
[Annotator ""]
[PlyCount "99"]
[EventDate "2016.??.??"]
[EventCountry "AZE"]
[SourceTitle "playchess.com"]
[Source "ChessBase"]
[WhiteTeam "Kuwait"]
[BlackTeam "Fiji"]
[WhiteTeamCountry "KUW"]
[BlackTeamCountry "FIJ"]
[TimeControl "40/5400+30:1800+30"]

1. d4 {(00:00} d5 {(00:00} 2. c4 {(00:00} c6 {(
00:49} 3. Nf3 {(00:12} Nf6 {(00:09} 4. e3 {(00:07} Bg4
{(00:25} 5. Qb3 {(00:20} Qc8 {(02:38} 6. Ne5 {(
00:33} Bf5 {(00:20} 7. Bd2 {(00:34} e6 {(01:28} 8. Nc3
{(01:20} Be7 {(03:34} 9. Rc1 {(00:13} O-O {(00:
18} 10. Be2 {(05:11} Nbd7 {(03:10} 11. cxd5 {(09:05}
exd5 {(00:23} 12. O-O {(00:23} Re8 {(06:48} 13. Bf3 {
(04:22} Be6 {(06:07} 14. Nd3 {(05:48} Ne4 {(02:
52} 15. Be1 {(07:08} Qb8 {(05:22} 16. Nf4 {(00:38} Ng5
{(07:14} 17. Nxe6 {(20:53} Nxf3+ {(00:49} 18. gxf3 {
(00:11} fxe6 {(00:04} 19. f4 {(00:38} Kh8 {(17:
06} 20. Na4 {(05:51} b5 {(01:27} 21. Nc3 {(03:52} a5 {
(05:57} 22. Ne2 {(03:58} c5 {(02:24} 23. Qd1 {(
04:38} c4 {(00:37} 24. Kh1 {(06:10} b4 {(07:44} 25.
Rg1 {(00:28} a4 {(04:26} 26. f5 {(10:00} exf5 {(
03:09} 27. Nf4 {(00:14} Nf6 {(00:37} 28. Qf3 {(00:55}
Qd6 {(07:29} 29. Rg5 {(01:29} Qd7 {(02:18} 30. Qh3 {
(00:15} Ng4 {(04:58} 31. Rh5 {(04:42} Nh6 {(00:
25} 32. Rxh6 {(01:33} gxh6 {(00:27} 33. Qxh6 {(00:35}
Rg8 {(00:34} 34. f3 {(01:04} Bg5 {(00:12} 35. Qb6 {
(00:40} Bxf4 {(00:16} 36. exf4 {(00:01} Rab8 {(
02:06} 37. Qa6 {(00:27} Qg7 {(00:52} 38. Bg3 {(00:23}
Qxd4 {(00:24} 39. Re1 {(03:38} Rge8 {(01:54} 40. Re5 {
(00:00} Rf8 {(00:00} 41. Qh6 {(10:09} Qa7 {(07:
58} 42. Bh4 {(01:48} Qg7 {(00:32} 43. Qd6 {(00:49} c3
{(06:18} 44. Re7 {(08:27} cxb2 {(01:11} 45. Rxg7 {
(00:16} b1=Q+ {(00:09} 46. Rg1 {(00:13} Qb2 {(
00:18} 47. Be7 {(03:28} Qc3 {(01:29} 48. Bxf8 {(05:38}
Qxf3+ {(00:21} 49. Rg2 {(00:05} Qf1+ {(01:47} 50. Rg1 {
(00:01} 1/2-1/2

[Event "42nd Olympiad Baku 2016 Open"]
[Site "Baku"]
[Date "2016.09.08"]
[Round "6.6"]
[White "Almedina Ortiz, Edgardo J"]
[Black "Maze, Sebastien"]
[Result "0-1"]
[ECO "B24"]
[WhiteElo "2215"]
[BlackElo "2617"]
[Annotator ""]
[PlyCount "80"]
[EventDate "2016.??.??"]
[EventCountry "AZE"]
[SourceTitle "playchess.com"]
[Source "ChessBase"]
[WhiteTeam "Puerto Rico"]
[BlackTeam "France"]
[WhiteTeamCountry "PUR"]
[BlackTeamCountry "FRA"]
[TimeControl "40/5400+30:1800+30"]

1. e4 c5 2. Nc3 {(00:13} Nc6 {(00:04} 3. Bb5 {(00:07}
Nd4 {(00:14} 4. Bc4 {(00:07} g6 {(00:10} 5. Nf3 {
(00:08} Bg7 {(00:03} 6. Nxd4 {(00:10} cxd4 {(00:
04} 7. Qf3 {(00:10} Nh6 {(00:24} 8. Ne2 {(00:11} O-O {
(01:46} 9. c3 {(00:15} dxc3 {(00:40} 10. dxc3 {(
00:24} d6 {(02:33} 11. h3 {(00:09} Qc7 {(04:40} 12.
Bd5 {(06:12} Kh8 {(00:32} 13. O-O {(09:13} Ng8 {
(00:15} 14. Nd4 {(12:18} Nf6 {(03:20} 15. Bb3 {(
03:21} Nd7 {(01:53} 16. Qg3 {(03:41} Nc5 {(04:37} 17.
Bc2 {(01:09} e5 {(05:40} 18. Nb3 {(16:56} Ne6 {(
00:14} 19. Qh4 {(06:04} a5 {(01:14} 20. a4 {(02:13} b6
{(01:04} 21. Be3 {(07:06} Bd7 {(12:38} 22. Rfd1 {
(07:41} f6 {(07:15} 23. Nd2 {(04:22} g5 {(10:59]
} 24. Qh5 {(01:39} Nf4 {(00:29} 25. Bxf4 {(02:02} gxf4
{(00:01} 26. Bb3 {(01:07} f5 {(01:01} 27. Bd5 {(
06:43} Rad8 {(03:48} 28. Nf3 {(02:36} Be8 {(00:32} 29.
Qh4 {(00:05} Bg6 {(01:29} 30. Ng5 {(03:01} Qe7 {
(02:34} 31. Bf7 {(01:00} Bf6 {(16:28} 32. Bxg6 {
(00:06} Bxg5 {(00:02} 33. Qh5 {(00:14} f3 {(02:
26} 34. Bxf5 {(00:54} fxg2 {(00:08} 35. Rd3 {(01:20}
Bf4 {(00:12} 36. Rad1 {(00:28} Rg8 {(00:12} 37. Bg4 {
(02:45} Rg5 {(03:46} 38. Qh4 {(00:01} Kg7 {(00:
20} 39. Kxg2 {(02:15} h5 {(00:17} 40. Rh1 {(00:12} Rh8
{(00:40} 0-1

[Event "42nd Olympiad Baku 2016 Open"]
[Site "Baku"]
[Date "2016.09.08"]
[Round "6.1"]
[White "Al-Modiahki, Mohamad"]
[Black "Djukic, Nikola"]
[Result "0-1"]
[ECO "B31"]
[WhiteElo "2550"]
[BlackElo "2534"]
[Annotator ""]
[PlyCount "96"]
[EventDate "2016.??.??"]
[EventCountry "AZE"]
[SourceTitle "playchess.com"]
[Source "ChessBase"]
[WhiteTeam "Qatar"]
[BlackTeam "Montenegro"]
[WhiteTeamCountry "QAT"]
[BlackTeamCountry "MNE"]
[TimeControl "40/5400+30:1800+30"]

1. e4 {(00:00} c5 {(00:00} 2. Nf3 {(00:00} Nc6 {
(00:00} 3. Bb5 {(00:00} g6 {(00:00} 4. O-O {(00:
18} Bg7 {(00:00} 5. Re1 {(00:19} e5 {(00:04} 6. Bxc6 {
(01:25} dxc6 {(00:07} 7. d3 {(00:13} Qe7 {(00:
19} 8. Nbd2 {(02:44} Nf6 {(00:39} 9. Nc4 {(00:51} Nd7
{(00:07} 10. a3 {(00:19} O-O {(09:18} 11. b4 {(
02:16} Rd8 {(05:45} 12. Bg5 {(09:34} f6 {(00:16} 13.
Be3 {(00:07} b6 {(04:28} 14. Qd2 {(13:24} Bf8 {(
08:36} 15. Reb1 {(08:51} Ba6 {(03:53} 16. Qc3 {(00:45}
Qe6 {(04:35} 17. Ncd2 {(06:11} Be7 {(06:52} 18. h3 {
(17:52} h5 {(10:22} 19. Re1 {(01:57} Bb5 {(15:
27} 20. Qb2 {(03:31} Ba6 {(02:22} 21. Qc3 {(17:37} Bb5
{(11:01} 22. Qb2 {(00:09} Ba6 {(00:24} 23. Nf1 {
(04:02} Kh7 {(02:54} 24. Ng3 {(00:18} Bd6 {(02:
59} 25. Red1 {(07:00} Qe7 {(00:39} 26. c3 {(01:03} c4
{(04:38} 27. d4 {(00:21} exd4 {(00:10} 28. Nxd4 {
(00:08} Bxg3 {(00:43} 29. fxg3 {(00:07} Ne5 {(
02:32} 30. Qf2 {(00:55} c5 {(01:03} 31. Qf4 {(02:30}
cxd4 {(00:30} 32. Qh6+ {(00:27} Kg8 {(00:05} 33. cxd4 {
(00:02} Nd3 {(00:52} 34. Qxg6+ {(00:37} Qg7 {(
00:04} 35. Qxh5 {(00:23} Qxg3 {(02:04} 36. Bh6 {(00:48]
} Nf4 {(01:08} 37. Bxf4 {(00:52} Qxf4 {(00:06} 38. Qg6+
{(00:24} Kh8 {(00:05} 39. b5 {(00:23} Bb7 {(00:
25} 40. d5 {(00:00} Rg8 {(00:00} 41. Qh5+ {(10:21} Kg7
{(03:30} 42. Qe2 {(07:41} Rae8 {(03:10} 43. Rd4 {
(00:17} c3 {(05:46} 44. Rf1 {(05:05} Qe5 {(00:
23} 45. Rd3 {(03:13} Kf7 {(06:25} 46. Qf3 {(07:05} c2
{(01:21} 47. Qf2 {(00:30} Rc8 {(00:33} 48. Qd2 {
(00:33} Qxe4 {(01:28} 0-1

[Event "42nd Olympiad Baku 2016 Open"]
[Site "Baku"]
[Date "2016.09.08"]
[Round "6.13"]
[White "Aloma Vidal, Robert"]
[Black "Husbands, Orlando"]
[Result "1-0"]
[ECO "D37"]
[WhiteElo "2482"]
[BlackElo "2257"]
[Annotator ""]
[PlyCount "39"]
[EventDate "2016.??.??"]
[EventCountry "AZE"]
[SourceTitle "playchess.com"]
[Source "ChessBase"]
[WhiteTeam "Andorra"]
[BlackTeam "Barbados"]
[WhiteTeamCountry "AND"]
[BlackTeamCountry "BAR"]
[TimeControl "40/5400+30:1800+30"]

1. d4 {(00:00} Nf6 {(00:00} 2. Nf3 {(00:00} d5 {
(00:09} 3. c4 {(01:14} e6 {(00:04} 4. Nc3 {(00:
06} dxc4 {(00:04} 5. e4 {(01:15} Bb4 {(00:02} 6. Bxc4
{(00:08} Nxe4 {(00:16} 7. O-O {(00:08} Nxc3 {(
03:04} 8. bxc3 {(00:44} Be7 {(00:09} 9. Ne5 {(01:45}
O-O {(11:57} 10. Re1 {(07:48} Nd7 {(12:03} 11. Qg4 {
(08:50} Nf6 {(09:46} 12. Qg3 {(00:59} c5 {(08:
30} 13. dxc5 {(15:01} Qc7 {(24:12} 14. Ng6 {(26:11}
Qxc5 {(07:15} 15. Be3 {(00:55} Qxc4 {(04:08} 16. Nxe7+
{(00:11} Kh8 {(00:02} 17. Bd4 {(00:40} Ne8 {(04:
19} 18. Re4 {(04:56} f6 {(02:35} 19. Rh4 {(00:40} e5 {
(08:34} 20. Rxh7+ 1-0

[Event "42nd Olympiad Baku 2016 Open"]
[Site "Baku"]
[Date "2016.09.08"]
[Round "6.15"]
[White "Al-Saffar, Araz Basim Mohammed"]
[Black "Lorenzana, Wilson Estuardo"]
[Result "1-0"]
[ECO "A49"]
[WhiteElo "2361"]
[BlackElo "2239"]
[Annotator ""]
[PlyCount "83"]
[EventDate "2016.??.??"]
[EventCountry "AZE"]
[SourceTitle "playchess.com"]
[Source "ChessBase"]
[WhiteTeam "Iraq"]
[BlackTeam "Guatemala"]
[WhiteTeamCountry "IRQ"]
[BlackTeamCountry "GUA"]
[TimeControl "40/5400+30:1800+30"]

1. d4 {(00:00} Nf6 {(00:00} 2. Nf3 {(00:12} g6 {
(00:04} 3. g3 {(00:33} Bg7 {(01:03} 4. Bg2 {(01:
02} O-O {(00:10} 5. O-O {(00:09} d6 {(00:15} 6. c4 {
(00:29} c6 {(00:08} 7. Nc3 {(00:21} Nbd7 {(00:
07} 8. h3 {(01:17} e5 {(00:05} 9. Be3 {(00:15} Re8 {
(02:39} 10. Rc1 {(01:44} exd4 {(01:42} 11. Bxd4 {
(02:52} a5 {(00:11} 12. Qd2 {(02:06} Qe7 {(02:
45} 13. Rfd1 {(04:20} a4 {(04:54} 14. Be3 {(08:25} Ne5
{(05:10} 15. Nxe5 {(04:39} dxe5 {(00:13} 16. Bg5 {
(06:26} Qc7 {(01:43} 17. Qe3 {(08:18} Be6 {(06:
35} 18. Nd5 {(03:19} Nxd5 {(05:15} 19. cxd5 {(01:39}
Bd7 {(00:02} 20. dxc6 {(03:05} Bxc6 {(00:09} 21. Bxc6 {
(01:35} bxc6 {(00:01} 22. Qe4 {(03:32} Qc8 {(04:
38} 23. Kg2 {(02:07} Qe6 {(12:13} 24. a3 {(02:51} Qb3
{(03:15} 25. Rd2 {(02:46} f6 {(04:49} 26. Be3 {(
02:05} Rac8 {(09:35} 27. Qc4+ {(05:03} Re6 {(00:09}
28. Qxb3 {(05:21} axb3 {(00:02} 29. Rc3 {(00:46} c5 {
(08:10} 30. Rxb3 {(00:42} c4 {(00:17} 31. Rb7 {(
05:26} Bf8 {(01:34} 32. Rdd7 {(01:09} h5 {(00:36} 33.
Bd2 {(00:42} Rd6 {(00:10} 34. Bc3 {(00:44} Rcc6 {
(04:18} 35. Rbc7 {(02:04} Re6 {(00:48} 36. Rxc6 {
(00:46} Rxc6 {(00:02} 37. Kf3 {(00:09} Rc5 {(02:
47} 38. Rd8 {(00:28} Rc7 {(09:52} 39. Bb4 {(00:08} Rf7
{(00:04} 40. Rxf8+ {(00:00} Rxf8 {(00:00} 41. Bxf8 {
(00:27} Kxf8 {(00:10} 42. Ke4 {(00:03} 1-0

[Event "42nd Olympiad Baku 2016 Open"]
[Site "Baku"]
[Date "2016.09.08"]
[Round "6.8"]
[White "Alzaim, Talal"]
[Black "Monnaatsheko, Keletshabile"]
[Result "0-1"]
[ECO "D18"]
[WhiteElo "2259"]
[BlackElo "1988"]
[Annotator ""]
[PlyCount "50"]
[EventDate "2016.??.??"]
[EventCountry "AZE"]
[SourceTitle "playchess.com"]
[Source "ChessBase"]
[WhiteTeam "Syria"]
[BlackTeam "Botswana"]
[WhiteTeamCountry "SYR"]
[BlackTeamCountry "BOT"]
[TimeControl "40/5400+30:1800+30"]

1. d4 {(00:00} d5 {(00:00} 2. c4 {(00:00} c6 {(
00:06} 3. Nf3 {(00:00} Nf6 {(00:10} 4. Nc3 {(00:00}
dxc4 {(00:16} 5. a4 {(00:00} Bf5 {(00:14} 6. e3 {
(00:00} e6 {(00:14} 7. Bxc4 {(00:00} Bb4 {(00:
13} 8. O-O {(00:15} O-O {(00:21} 9. Qb3 {(00:24} Qe7 {
(01:38} 10. a5 {(01:13} c5 {(12:58} 11. Ne5 {(
08:53} cxd4 {(20:53} 12. exd4 {(00:06} Nc6 {(00:36}
13. Nxc6 {(07:27} bxc6 {(01:24} 14. Bg5 {(01:21} Rab8 {
(09:42} 15. Qa2 {(04:31} Bd6 {(05:39} 16. h3 {(
08:44} h6 {(01:17} 17. Be3 {(14:44} Nd5 {(05:43} 18.
Nxd5 {(01:58} cxd5 {(02:14} 19. Be2 {(00:09} Qh4 {
(08:56} 20. Rfc1 {(06:59} Bxh3 {(06:27} 21. gxh3 {
(36:05} Qxh3 {(01:34} 22. f3 {(03:57} Bh2+ {(03:
41} 23. Kf2 {(00:05} Bg3+ {(00:13} 24. Kg1 {(00:04}
Qh2+ {(00:13} 25. Kf1 {(00:06} Qh1+ {(00:06} 0-1

[Event "42nd Olympiad Baku 2016 Open"]
[Site "Baku"]
[Date "2016.09.08"]
[Round "6.11"]
[White "Ameir, Moheb"]
[Black "Smith, Axel"]
[Result "1/2-1/2"]
[ECO "B27"]
[WhiteElo "2431"]
[BlackElo "2516"]
[Annotator ""]
[PlyCount "212"]
[EventDate "2016.??.??"]
[EventCountry "AZE"]
[SourceTitle "playchess.com"]
[Source "ChessBase"]
[WhiteTeam "Egypt"]
[BlackTeam "Sweden"]
[WhiteTeamCountry "EGY"]
[BlackTeamCountry "SWE"]
[TimeControl "40/5400+30:1800+30"]

1. e4 {(00:00} c5 {(00:00} 2. Nf3 {(00:00} g6 {(
00:00} 3. d4 {(01:28} cxd4 {(00:00} 4. Qxd4 {(00:52}
Nf6 {(00:00} 5. Nc3 {(00:05} Nc6 {(00:00} 6. Qa4 {
(00:02} d6 {(00:15} 7. e5 {(00:01} dxe5 {(00:14]
} 8. Nxe5 {(00:03} Qd4 {(00:45} 9. Nxc6 {(00:03} Qxa4 {
(00:11} 10. Nxa4 {(00:01} bxc6 {(00:04} 11. b3 {
(00:11} e5 {(22:00} 12. Bb2 {(04:01} Bb4+ {(12:
11} 13. c3 {(02:59} Be7 {(00:05} 14. g3 {(12:37} O-O {
(05:05} 15. Bg2 {(00:28} e4 {(00:13} 16. O-O {(
04:17} Bf5 {(03:09} 17. Rfe1 {(03:01} Rfe8 {(14:02}
18. c4 {(02:47} Rad8 {(07:09} 19. h3 {(03:37} h5 {
(03:24} 20. Re2 {(02:28} Nh7 {(02:33} 21. Rae1 {
(08:32} Bf6 {(01:20} 22. Bc3 {(07:54} Re6 {(07:
28} 23. Ba5 {(05:44} Rde8 {(00:57} 24. Nc5 {(00:56}
R6e7 {(04:44} 25. Nxe4 {(01:01} Bd4 {(00:43} 26. Bc3 {
(04:35} Rxe4 {(02:40} 27. Rxe4 {(05:51} Rxe4 {(
00:22} 28. Rxe4 {(00:06} Bxc3 {(00:13} 29. Re8+ {(00:
08} Kg7 {(00:27} 30. Bxc6 {(00:08} Bxh3 {(01:52} 31.
Re7 {(01:53} Bd4 {(03:47} 32. b4 {(01:55} Be6 {(
01:43} 33. c5 {(01:02} a5 {(00:24} 34. bxa5 {(00:49}
Bxc5 {(00:32} 35. a6 {(01:53} Bxa2 {(00:42} 36. Rc7 {
(03:20} Nf6 {(03:07} 37. Bb5 {(08:13} Bb6 {(01:
19} 38. Rc6 {(01:37} Bd4 {(00:57} 39. Bc4 {(00:52}
Bxc4 {(01:07} 40. Rxc4 {(00:00} Bb6 {(00:00} 41. Rc6 {
(01:10} Bd4 {(03:54} 42. Kf1 {(04:42} Ne4 {(04:
58} 43. Rc2 {(00:31} Kf6 {(03:26} 44. Ke2 {(02:53} Nd6
{(07:04} 45. Rd2 {(04:58} Nb5 {(00:17} 46. Kd3 {
(00:27} Ke5 {(01:24} 47. Ra2 {(01:57} Kd5 {(12:
11} 48. Ra5 {(01:14} Kc6 {(00:27} 49. Kc4 {(04:28}
Bxf2 {(00:04} 50. Rxb5 {(00:19} Bb6 {(00:05} 51. Re5 {
(01:38} Ba7 {(01:20} 52. Rb5 {(00:43} Bb6 {(00:
06} 53. Rb1 {(00:59} f5 {(03:19} 54. Re1 {(00:11} Kd6
{(00:38} 55. Re8 {(00:20} g5 {(01:10} 56. Rb8 {(
01:28} Kc6 {(00:43} 57. Rf8 {(00:41} h4 {(00:31} 58.
gxh4 {(00:54} gxh4 {(00:00} 59. Rxf5 {(01:10} Bg1 {
(00:57} 60. Rg5 {(00:43} Ba7 {(00:40} 61. Rg6+ {
(00:23} Kc7 {(00:05} 62. Kb5 {(01:17} h3 {(01:
16} 63. Rg7+ {(02:07} Kb8 {(00:01} 64. Rg8+ {(00:05}
Kc7 {(00:02} 65. Ra8 {(00:19} Bg1 {(00:34} 66. Rh8 {
(05:03} h2 {(00:32} 67. Rh7+ {(00:04} Kb8 {(00:
33} 68. Kc6 {(00:06} Ka8 {(00:43} 69. Rh8+ {(00:18}
Ka7 {(00:01} 70. Kb5 {(00:11} h1=Q {(01:05} 71. Rxh1 {
(00:02} Bf2 {(00:20} 72. Rh7+ {(00:04} Ka8 {(00:
50} 73. Rh8+ {(01:04} Ka7 {(00:03} 74. Kc6 {(00:15}
Be3 {(00:57} 75. Rh2 {(00:19} Bd4 {(00:29} 76. Rd2 {
(00:10} Be3 {(00:10} 77. Rd7+ {(00:18} Ka8 {(00:
08} 78. Rh7 {(00:56} Bf2 {(00:06} 79. Rf7 {(00:16} Bg1
{(00:08} 80. Rf1 {(00:13} Bd4 {(00:18} 81. Kc7 {
(00:09} Ka7 {(00:34} 82. Kc6 {(00:10} Ka8 {(00:
11} 83. Rf7 {(00:14} Bg1 {(00:18} 84. Kb5 {(01:53} Bd4
{(00:20} 85. Kc4 {(00:08} Be3 {(00:24} 86. Rf1 {
(00:07} Ka7 {(00:22} 87. Ra1 {(00:15} Bf2 {(00:
15} 88. Kb5 {(00:05} Bd4 {(00:10} 89. Rf1 {(00:03} Ka8
{(00:39} 90. Kc6 {(00:09} Ka7 {(00:39} 91. Rf7+ {
(00:20} Ka8 {(00:10} 92. Kb5 {(00:32} Bg1 {(00:
36} 93. Kc6 {(00:34} Bd4 {(00:39} 94. Kc7 {(01:03} Ka7
{(00:20} 95. Rf8 {(00:06} Kxa6 {(02:02} 96. Rf5 {
(00:21} Bg1 {(00:46} 97. Rh5 {(00:06} Bf2 {(00:
20} 98. Rh3 {(00:05} Kb5 {(00:33} 99. Kd6 {(00:03} Kc4
{(00:48} 100. Rf3 {(00:09} Bc5+ {(00:26} 101. Kc6 {
(00:02} Bg1 {(00:22} 102. Rf4+ {(00:03} Kd3 {(
00:12} 103. Kd5 {(00:08} Ke3 {(00:22} 104. Re4+ {(00:
02} Kf3 {(00:05} 105. Re8 {(00:07} Kf4 {(00:30} 106.
Rf8+ {(00:08} Ke3 {(00:16] Ke4+} 1/2-1/2

[Event "42nd Olympiad Baku 2016 Open"]
[Site "Baku"]
[Date "2016.09.08"]
[Round "6.9"]
[White "Amin, Bassem"]
[Black "Grandelius, Nils"]
[Result "1-0"]
[ECO "B40"]
[WhiteElo "2661"]
[BlackElo "2641"]
[Annotator ""]
[PlyCount "67"]
[EventDate "2016.??.??"]
[EventCountry "AZE"]
[SourceTitle "playchess.com"]
[Source "ChessBase"]
[WhiteTeam "Egypt"]
[BlackTeam "Sweden"]
[WhiteTeamCountry "EGY"]
[BlackTeamCountry "SWE"]
[TimeControl "40/5400+30:1800+30"]

1. e4 {(00:33} c5 {(00:00} 2. Nf3 {(00:08} e6 {(
00:47} 3. d3 {(00:28} d5 {(00:58} 4. Nbd2 {(00:07} Nf6
{(00:10} 5. g3 {(00:06} g6 {(00:21} 6. Bg2 {(00:
05} Bg7 {(00:05} 7. O-O {(00:07} Nc6 {(00:36} 8. Re1 {
(00:11} O-O {(00:10} 9. c3 {(00:07} a5 {(00:41}
10. a4 {(00:44} b6 {(00:09} 11. Nb1 {(02:06} Ba6 {
(05:21} 12. e5 {(00:45} Nd7 {(02:34} 13. Bf4 {(
00:08} f6 {(09:46} 14. exf6 {(04:04} Qxf6 {(00:10} 15.
Qd2 {(06:38} e5 {(22:04} 16. Bg5 {(02:14} Qxf3 {
(17:26} 17. Bxf3 {(00:07} Rxf3 {(00:02} 18. Qd1 {
(09:52} Raf8 {(01:59} 19. Nd2 {(17:02} Rxd3 {(
00:54} 20. Re3 {(01:09} Rf5 {(09:53} 21. Rxd3 {(05:24}
Bxd3 {(00:02} 22. g4 {(01:23} Rxg5 {(03:03} 23. h4 {
(02:01} Bc2 {(01:06} 24. Qe2 {(00:11} Bd3 {(00:
02} 25. Qxd3 {(00:16} Rxg4+ {(00:01} 26. Kf1 {(00:16}
Ne7 {(02:50} 27. Qb5 {(00:56} Nf6 {(02:46} 28. Nf3 {
(00:34} Rf4 {(02:26} 29. Nxe5 {(03:29} Ne4 {(00:
06} 30. Qe8+ {(02:58} Bf8 {(00:02} 31. Nd7 {(00:34}
Nd6 {(07:08} 32. Qd8 {(00:28} Nec8 {(00:58} 33. Nf6+ {
(01:13} Kg7 {(00:59} 34. Nh5+ {(00:08} 1-0

[Event "42nd Olympiad Baku 2016 Open"]
[Site "Baku"]
[Date "2016.09.08"]
[Round "6.33"]
[White "Ampie, Mauro"]
[Black "Barros Rivadeneira, Cristhian"]
[Result "1/2-1/2"]
[ECO "B24"]
[WhiteElo "2348"]
[BlackElo "2351"]
[Annotator ""]
[PlyCount "115"]
[EventDate "2016.??.??"]
[EventCountry "AZE"]
[SourceTitle "playchess.com"]
[Source "ChessBase"]
[WhiteTeam "Nicaragua"]
[BlackTeam "Ecuador"]
[WhiteTeamCountry "NCA"]
[BlackTeamCountry "ECU"]
[TimeControl "40/5400+30:1800+30"]

1. e4 {(00:00} c5 2. Nc3 {(00:00} Nc6 {(00:32} 3. Bb5 {
(00:00} g6 {(00:13} 4. Bxc6 {(00:17} dxc6 {(00:
11} 5. d3 {(01:30} Bg7 {(00:16} 6. Be3 {(00:12} b6 {
(01:02} 7. Qd2 {(00:05} e5 {(03:37} 8. O-O-O {(
06:15} h6 {(04:18} 9. f4 {(06:47} exf4 {(00:41} 10.
Bxf4 {(00:05} Ne7 {(00:21} 11. Nf3 {(04:01} Be6 {
(08:41} 12. Rhf1 {(11:40} Qd7 {(15:59} 13. Be5 {
(01:07} f6 {(02:57} 14. Bg3 {(00:05} O-O-O {(03:
03} 15. d4 {(06:09} cxd4 {(06:00} 16. Nxd4 {(06:40} h5
{(29:46} 17. Qe2 {(10:47} Bg4 {(04:01} 18. Nf3 {
(00:28} Qb7 {(00:10} 19. Qc4 {(02:41} b5 {(09:
31} 20. Qc5 {(03:50} Rxd1+ {(01:37} 21. Rxd1 {(02:47}
Rd8 {(00:05} 22. Bd6 {(06:53} Ng8 {(01:34} 23. Nd4 {
(08:04} Qb6 {(03:05} 24. Rd3 {(08:01} Qxc5 {(01:
33} 25. Bxc5 {(00:04} Kb7 {(00:03} 26. b4 {(01:48} Re8
{(02:46} 27. Nb3 {(01:50} Be6 {(00:45} 28. Na5+ {
(01:23} Kc7 {(00:11} 29. Bxa7 {(01:19} f5 {(00:
24} 30. Bd4 {(01:00} fxe4 {(00:49} 31. Nxe4 {(02:00}
Bf5 {(00:45} 32. Bxg7 {(00:26} Rxe4 {(00:07} 33. Bd4 {
(01:50} Ne7 {(00:38} 34. a3 {(01:28} Nd5 {(00:
22} 35. Rd2 {(00:40} Nf4 {(00:38} 36. Bc5 {(01:22}
Re1+ {(00:41} 37. Kb2 {(00:16} Nd5 {(00:07} 38. Nb3 {
(01:01} Re8 {(00:57} 39. Bf2 {(01:02} g5 {(00:
30} 40. Nd4 {(00:00} Be4 {(00:00} 41. Re2 {(10:34} Kd7
{(12:07} 42. g3 {(04:16} g4 {(08:58} 43. Nb3 {(
02:47} Bg6 {(00:21} 44. Rxe8 {(02:23} Kxe8 {(01:14}
45. Na5 {(03:17} Kd7 {(00:21} 46. c4 {(00:22} Nf6 {
(00:21} 47. cxb5 {(01:59} cxb5 {(00:02} 48. Nb3 {
(00:11} Kd6 {(00:33} 49. Nc5 {(08:29} Nd7 {(06:
17} 50. a4 {(02:48} bxa4 {(00:48} 51. Nxa4 {(00:06}
Ne5 {(00:12} 52. Kc3 {(01:03} Be8 {(00:30} 53. Nb2 {
(00:35} Nf3 {(00:41} 54. Kd3 {(00:44} Kd5 {(02:
12} 55. Ke3 {(00:56} Nxh2 {(00:37} 56. Kf4 {(00:03}
Nf1 {(02:30} 57. Nd1 {(00:33} Kc4 {(00:25} 58. Ne3+ {
(00:28} 1/2-1/2

[Event "42nd Olympiad Baku 2016 Open"]
[Site "Baku"]
[Date "2016.09.08"]
[Round "6.2"]
[White "Andreasen, Joan Hendrik"]
[Black "Lima, Osvaldo Dos Santos"]
[Result "1/2-1/2"]
[ECO "D35"]
[WhiteElo "2239"]
[BlackElo "1782"]
[Annotator ""]
[PlyCount "125"]
[EventDate "2016.??.??"]
[EventCountry "AZE"]
[SourceTitle "playchess.com"]
[Source "ChessBase"]
[WhiteTeam "Faroe Islands"]
[BlackTeam "STP"]
[WhiteTeamCountry "FAI"]
[TimeControl "40/5400+30:1800+30"]

1. d4 {(00:00} d5 {(00:00} 2. c4 {(00:00} e6 {(
00:19} 3. Nc3 {(00:03} Nf6 {(00:13} 4. cxd5 {(00:34}
exd5 {(00:58} 5. Bg5 {(00:20} Be7 {(01:01} 6. e3 {
(00:46} Bf5 {(01:09} 7. Bxf6 {(10:14} Bxf6 {(02:
20} 8. Qb3 {(02:41} Nd7 {(04:28} 9. Nxd5 {(06:52} O-O
{(01:27} 10. Rc1 {(03:32} c6 {(03:30} 11. Nxf6+ {
(00:52} Nxf6 {(00:08} 12. Nf3 {(01:09} Qa5+ {(
01:11} 13. Qc3 {(04:19} Qd8 {(04:44} 14. Be2 {(03:44}
a5 {(02:12} 15. O-O {(01:36} Nd5 {(02:51} 16. Qd2 {
(02:08} Re8 {(03:21} 17. Bd3 {(04:40} Bxd3 {(01:
35} 18. Qxd3 {(00:05} Qf6 {(01:12} 19. Ne5 {(03:18}
Red8 {(04:17} 20. a3 {(03:08} h5 {(01:14} 21. Qe2 {
(01:37} g6 {(03:46} 22. f4 {(04:12} Ne7 {(01:54]
} 23. Rc5 {(11:07} Rd6 {(05:42} 24. Nc4 {(04:41} Re6 {
(02:44} 25. Re5 {(01:07} b5 {(01:17} 26. Nd2 {(
01:57} Nf5 {(07:09} 27. Rc1 {(02:18} Rxe5 {(04:04} 28.
fxe5 {(01:58} Qg5 {(01:31} 29. Re1 {(00:25} Qh4 {
(05:55} 30. g3 {(04:36} Qe7 {(04:49} 31. Ne4 {(
00:34} Kg7 {(02:38} 32. Rc1 {(04:55} Qe6 {(03:01} 33.
Nf6 {(02:34} Rd8 {(02:41} 34. Kf2 {(03:54} Ne7 {
(00:54} 35. Rc5 {(01:03} Qf5+ {(02:41} 36. Kg2 {
(01:21} Qe6 {(00:41} 37. Qf2 {(02:37} Nf5 {(01:
03} 38. Rc2 {(03:03} b4 {(01:09} 39. axb4 {(00:56}
axb4 {(00:04} 40. Qe2 {(00:00} Qb3 {(00:00} 41. Kf2 {
(09:38} Rxd4 {(04:27} 42. Rd2 {(09:28} Rxd2 {(
03:55} 43. Qxd2 {(00:05} Qe6 {(00:46} 44. Nd7 {(01:58}
Qd5 {(02:14} 45. Qxd5 {(01:13} cxd5 {(00:03} 46. Ke2 {
(02:06} g5 {(04:42} 47. Kd3 {(02:11} Kg6 {(00:
14} 48. Nf6 {(01:11} Ne7 {(02:40} 49. h3 {(01:58} Nc6
{(00:29} 50. Nxd5 {(00:57} Kf5 {(01:20} 51. Kc4 {
(01:16} Nxe5+ {(01:37} 52. Kxb4 {(00:32} Ke4 {(
00:33} 53. Nf6+ {(01:46} Kxe3 {(00:18} 54. Nxh5 {(00:
32} f5 {(04:31} 55. Kc3 {(02:14} f4 {(00:49} 56. gxf4
{(00:26} gxf4 {(00:02} 57. b4 {(01:52} f3 {(00:
58} 58. b5 {(00:57} Nd7 {(01:52} 59. Kb4 {(01:00} Nb6
{(00:29} 60. Kc5 {(00:15} Na4+ {(00:05} 61. Kc6 {
(00:06} f2 {(01:35} 62. Ng3 {(00:06} Kf4 {(02:
20} 63. Nf1 {(00:24} 1/2-1/2